| TOP OF THE 1ST |
|
Memphis Blues batting - Pitching for Dallas-Fort Worth Rangers : RHP Brian Denman
|
|
Pitching: RHP Brian Denman
|
|
|
Batting: RHB Mariano Duncan
|
0-0: Swinging Strike 0-1: Ball 1-1: Fly out, F8 (Flyball, 8RM, EV 77.5 MPH)
|
|
Batting: RHB Dave Penniall
|
0-0: Ball 1-0: Reached on error, E6 (Groundball, 6, EV 81.3 MPH)
|
|
Batting: LHB David Christianson
|
0-0: Ball 1-0: Called Strike 1-1: Swinging Strike 1-2: Ball 2-2: 2-RUN HOME RUN (Flyball, 9LD, EV 95.0 MPH), Distance : 361 ft
|
|
Batting: RHB Chris James
|
0-0: Ball 1-0: Called Strike 1-1: Ball 2-1: Ball 3-1: Swinging Strike 3-2: Foul Ball, location: 2F 3-2: Foul Ball, location: 2F 3-2: Fly out, F4 (Flyball, 34D, EV 94.4 MPH)
|
|
Batting: LHB John Robbins
|
0-0: Ball 1-0: Called Strike 1-1: Ball 2-1: Swinging Strike 2-2: Foul Ball, location: 2F 2-2: Ground out 4-3 (Groundball, 4, EV 90.0 MPH)
|
| Top of the 1st over - 2 runs, 1 hit, 1 error, 0 left on base; Memphis 2 - Dallas-Fort Worth 0 |
| BOTTOM OF THE 1ST |
|
Dallas-Fort Worth Rangers batting - Pitching for Memphis Blues : RHP Salvador Flores
|
|
Pitching: RHP Salvador Flores
|
|
|
Batting: RHB Phil Bradley
|
0-0: Fly out, F9 (Flyball, 9LM, EV 87.5 MPH)
|
|
Batting: LHB Stan Levi
|
0-0: Ball 1-0: Ground out 4-3 (Groundball, 4M, EV 81.3 MPH)
|
|
Batting: RHB Terry Lee
|
0-0: Foul Ball, location: 2F 0-1: Swinging Strike 0-2: Ball 1-2: Fly out, F8 (Flyball, 8LM, EV 92.5 MPH)
|
| Bottom of the 1st over - 0 runs, 0 hits, 0 errors, 0 left on base; Memphis 2 - Dallas-Fort Worth 0 |
| TOP OF THE 2ND |
|
Memphis Blues batting - Pitching for Dallas-Fort Worth Rangers : RHP Brian Denman
|
|
Batting: RHB Augustine Garrett
|
0-0: Ball 1-0: Fly out, F3 (Popup, 3SF, EV 83.1 MPH)
|
|
Batting: LHB Don Jacoby
|
0-0: Called Strike 0-1: Ball 1-1: Ball 2-1: Called Strike 2-2: Strikes out swinging
|
|
Batting: RHB Bradley Shames
|
0-0: Foul Ball, location: 2F 0-1: Fly out, F7 (Line Drive, 7, EV 93.1 MPH)
|
| Top of the 2nd over - 0 runs, 0 hits, 0 errors, 0 left on base; Memphis 2 - Dallas-Fort Worth 0 |
| BOTTOM OF THE 2ND |
|
Dallas-Fort Worth Rangers batting - Pitching for Memphis Blues : RHP Salvador Flores
|
|
Batting: LHB Mo Ching
|
0-0: Ball 1-0: Ball 2-0: Called Strike 2-1: Ball 3-1: SINGLE (Groundball, P, EV 86.3 MPH) (infield hit)
|
|
Batting: RHB Dave Aponte
|
0-0: Called Strike 0-1: Ball 1-1: Ball 2-1: Foul Ball, location: 2F 2-2: Foul Ball, location: 2F 2-2: Grounds into double play, 5-4-3 (Groundball, 5, EV 88.1 MPH)
|
|
Batting: LHB Garcia Gutierrez
|
0-0: Ball 1-0: Foul Ball, location: 2F 1-1: Foul Ball, location: 2F 1-2: SINGLE (Groundball, 4D, EV 98.1 MPH)
|
|
Batting: RHB Steve Nicosia
|
0-0: Called Strike Garcia Gutierrez steals 2nd base 0-1: Ball 1-1: Ball 2-1: Ball 3-1: Swinging Strike 3-2: Base on Balls
|
|
Batting: RHB Ross Jones
|
0-0: Fly out, F6 (Line Drive, 6, EV 61.3 MPH)
|
| Bottom of the 2nd over - 0 runs, 2 hits, 0 errors, 2 left on base; Memphis 2 - Dallas-Fort Worth 0 |
| TOP OF THE 3RD |
|
Memphis Blues batting - Pitching for Dallas-Fort Worth Rangers : RHP Brian Denman
|
|
Batting: RHB William Muth
|
0-0: Ball 1-0: Ball 2-0: Foul Ball, location: 2F 2-1: Ball 3-1: Ground out 6-3 (Groundball, 6, EV 100.0 MPH)
|
|
Batting: RHB Mariano Duncan
|
0-0: Called Strike 0-1: Foul Ball, location: 2F 0-2: Ball 1-2: Ball 2-2: Fly out, F9 (Line Drive, 9, EV 106.3 MPH)
|
|
Batting: RHB Dave Penniall
|
0-0: SINGLE (Line Drive, 34D, EV 102.5 MPH)
|
|
Batting: LHB David Christianson
|
0-0: Ball 1-0: Called Strike 1-1: Called Strike 1-2: Foul Ball, location: 2F 1-2: Fly out, F8 (Line Drive, 8RM, EV 111.3 MPH)
|
| Top of the 3rd over - 0 runs, 1 hit, 0 errors, 1 left on base; Memphis 2 - Dallas-Fort Worth 0 |
| BOTTOM OF THE 3RD |
|
Dallas-Fort Worth Rangers batting - Pitching for Memphis Blues : RHP Salvador Flores
|
|
Batting: RHB Alex Zermeno
|
0-0: Ball 1-0: Called Strike 1-1: Fly out, F9 (Flyball, 9S, EV 75.0 MPH)
|
|
Batting: RHB Phil Bradley
|
0-0: Called Strike 0-1: Ball 1-1: Ground out 6-3 (Groundball, 6, EV 85.6 MPH)
|
|
Batting: LHB Stan Levi
|
0-0: Foul Ball, location: 2F 0-1: Ground out 1-3 (Groundball, 13S, EV 68.8 MPH)
|
| Bottom of the 3rd over - 0 runs, 0 hits, 0 errors, 0 left on base; Memphis 2 - Dallas-Fort Worth 0 |
| TOP OF THE 4TH |
|
Memphis Blues batting - Pitching for Dallas-Fort Worth Rangers : RHP Brian Denman
|
|
Batting: RHB Chris James
|
0-0: Called Strike 0-1: Ball 1-1: Ball 2-1: Swinging Strike 2-2: Fly out, F7 (Flyball, 7D, EV 105.0 MPH)
|
|
Batting: LHB John Robbins
|
0-0: Ball 1-0: Ball 2-0: Called Strike 2-1: SINGLE (Groundball, 34D, EV 105.6 MPH)
|
|
Batting: RHB Augustine Garrett
|
0-0: Ball John Robbins steals 2nd base 1-0: Called Strike 1-1: Foul Ball, location: 2F 1-2: Foul Ball, location: 2F 1-2: Fly out, F8 (Flyball, 8LD, EV 106.9 MPH) Runner from 2nd tags up, SAFE at 3rd with throw by CF
|
|
Batting: LHB Don Jacoby
|
0-0: SINGLE (Line Drive, 7LS, EV 105.6 MPH) John Robbins scores
|
|
Batting: RHB Bradley Shames
|
0-0: Ball 1-0: Called Strike 1-1: Fielders Choice at 2nd, U6 (Groundball, 6M, EV 86.3 MPH)
|
| Top of the 4th over - 1 run, 2 hits, 0 errors, 1 left on base; Memphis 3 - Dallas-Fort Worth 0 |
| BOTTOM OF THE 4TH |
|
Dallas-Fort Worth Rangers batting - Pitching for Memphis Blues : RHP Salvador Flores
|
|
Batting: RHB Terry Lee
|
0-0: Called Strike 0-1: Foul Ball, location: 2F 0-2: Ball 1-2: SINGLE (Flyball, 6D, EV 88.1 MPH)
|
|
Batting: LHB Mo Ching
|
0-0: Ball 1-0: Swinging Strike 1-1: Fly out, F4 (Popup, 3D, EV 60.6 MPH)
|
|
Batting: RHB Dave Aponte
|
0-0: Swinging Strike 0-1: Ball 1-1: Foul Ball, location: 2F 1-2: Grounds into double play, 6-4-3 (Groundball, 6, EV 89.4 MPH)
|
| Bottom of the 4th over - 0 runs, 1 hit, 0 errors, 0 left on base; Memphis 3 - Dallas-Fort Worth 0 |
| TOP OF THE 5TH |
|
Memphis Blues batting - Pitching for Dallas-Fort Worth Rangers : RHP Brian Denman
|
|
Batting: RHB William Muth
|
0-0: Ball 1-0: Ground out 6-3 (Groundball, 6, EV 83.8 MPH)
|
|
Batting: RHB Mariano Duncan
|
0-0: Ball 1-0: Called Strike 1-1: Fly out, F7 (Flyball, 7D, EV 101.9 MPH)
|
|
Batting: RHB Dave Penniall
|
0-0: Called Strike 0-1: Ball 1-1: Called Strike 1-2: Ball 2-2: Ball 3-2: Fly out, F3 (Flyball, 3D, EV 86.3 MPH)
|
| Top of the 5th over - 0 runs, 0 hits, 0 errors, 0 left on base; Memphis 3 - Dallas-Fort Worth 0 |
| BOTTOM OF THE 5TH |
|
Dallas-Fort Worth Rangers batting - Pitching for Memphis Blues : RHP Salvador Flores
|
|
Batting: LHB Garcia Gutierrez
|
0-0: Swinging Strike 0-1: Ball 1-1: Called Strike 1-2: SINGLE (Groundball, 34D, EV 100.6 MPH)
|
|
Batting: RHB Steve Nicosia
|
0-0: Ball 1-0: Fly out, F7 (Flyball, 7D, EV 93.1 MPH)
|
|
Batting: RHB Ross Jones
|
0-0: Ball 1-0: Grounds into double play, 5-4-3 (Groundball, 5S, EV 81.9 MPH)
|
| Bottom of the 5th over - 0 runs, 1 hit, 0 errors, 0 left on base; Memphis 3 - Dallas-Fort Worth 0 |
| TOP OF THE 6TH |
|
Memphis Blues batting - Pitching for Dallas-Fort Worth Rangers : RHP Brian Denman
|
|
Batting: LHB David Christianson
|
0-0: Ball 1-0: Called Strike 1-1: Foul Ball, location: 2F 1-2: Fly out, F4 (Flyball, 4MD, EV 90.0 MPH)
|
|
Batting: RHB Chris James
|
0-0: Foul Ball, location: 2F 0-1: Called Strike 0-2: Fly out, F9 (Flyball, 9S, EV 94.4 MPH)
|
|
Batting: LHB John Robbins
|
0-0: Called Strike 0-1: SINGLE (Groundball, 34D, EV 97.5 MPH)
|
|
Batting: RHB Augustine Garrett
|
0-0: Called Strike 0-1: Ball 1-1: SINGLE (Line Drive, 8RS, EV 106.3 MPH) John Robbins to second
|
|
Batting: LHB Don Jacoby
|
0-0: Called Strike 0-1: Ground out 1-3 (Groundball, P, EV 60.6 MPH)
|
| Top of the 6th over - 0 runs, 2 hits, 0 errors, 2 left on base; Memphis 3 - Dallas-Fort Worth 0 |
| BOTTOM OF THE 6TH |
|
Dallas-Fort Worth Rangers batting - Pitching for Memphis Blues : RHP Salvador Flores
|
|
Batting: RHB Alex Zermeno
|
0-0: Ball 1-0: Fly out, F9 (Flyball, 89D, EV 102.5 MPH)
|
|
Batting: RHB Phil Bradley
|
0-0: Ball 1-0: Swinging Strike 1-1: Foul Ball, location: 2F 1-2: Strikes out looking
|
|
Batting: LHB Stan Levi
|
0-0: Called Strike 0-1: Swinging Strike 0-2: Fly out, F5 (Popup, 5F, EV 55.6 MPH)
|
| Bottom of the 6th over - 0 runs, 0 hits, 0 errors, 0 left on base; Memphis 3 - Dallas-Fort Worth 0 |
| TOP OF THE 7TH |
|
Memphis Blues batting - Pitching for Dallas-Fort Worth Rangers : RHP Brian Denman
|
|
Batting: RHB Bradley Shames
|
0-0: Called Strike 0-1: Called Strike 0-2: Ball 1-2: Ground out 6-3 (Groundball, 6M, EV 82.5 MPH)
|
|
Batting: RHB William Muth
|
0-0: Called Strike 0-1: Ball 1-1: SINGLE (Flyball, 56D, EV 88.1 MPH)
|
|
Batting: RHB Mariano Duncan
|
0-0: Foul Ball, location: 2F 0-1: Fly out, F9 (Flyball, 9LM, EV 86.3 MPH)
|
|
Batting: RHB Dave Penniall
|
0-0: Foul Ball, location: 2F 0-1: Fielders Choice at 2nd, 6-4 (Groundball, 6, EV 105.6 MPH)
|
| Top of the 7th over - 0 runs, 1 hit, 0 errors, 1 left on base; Memphis 3 - Dallas-Fort Worth 0 |
| BOTTOM OF THE 7TH |
|
Dallas-Fort Worth Rangers batting - Pitching for Memphis Blues : RHP Salvador Flores
|
|
Batting: RHB Terry Lee
|
0-0: Ball 1-0: Called Strike 1-1: Ball 2-1: Ball 3-1: Fly out, F7 (Flyball, 7LD, EV 102.5 MPH)
|
|
Batting: LHB Mo Ching
|
0-0: Called Strike 0-1: SINGLE (Groundball, 13, EV 86.9 MPH) (infield hit)
|
|
Batting: RHB Dave Aponte
|
0-0: Called Strike 0-1: Swinging Strike 0-2: Fly out, F8 (Flyball, 8RM, EV 93.1 MPH)
|
|
Batting: LHB Garcia Gutierrez
|
0-0: SINGLE (Line Drive, 9S, EV 102.5 MPH) Mo Ching to second
|
|
Batting: RHB Steve Nicosia
|
0-0: SINGLE (Line Drive, 8RS, EV 86.3 MPH) Mo Ching to third Garcia Gutierrez to second Runner from 3rd tries for Home, SAFE, throw by CF to home
|
|
Pinch Hitting: LHB Timothy Roche
|
0-0: Foul Ball, location: 2F 0-1: Ball 1-1: Ball 2-1: Ground out U3 (Groundball, 3, EV 85.0 MPH)
|
| Bottom of the 7th over - 1 run, 3 hits, 0 errors, 2 left on base; Memphis 3 - Dallas-Fort Worth 1 |
| TOP OF THE 8TH |
|
Memphis Blues batting - Pitching for Dallas-Fort Worth Rangers : RHP Brian Denman
|
|
Now in CF: Jesse Plummer
|
|
|
Batting: LHB David Christianson
|
0-0: Called Strike 0-1: Foul Ball, location: 2F 0-2: Ball 1-2: Strikes out swinging
|
|
Batting: RHB Chris James
|
0-0: Called Strike 0-1: Foul Ball, location: 2F 0-2: SINGLE (Line Drive, 34, EV 96.9 MPH)
|
|
Batting: LHB John Robbins
|
0-0: Foul Ball, location: 2F 0-1: Grounds into double play, 6-4-3 (Groundball, 6, EV 105.6 MPH)
|
| Top of the 8th over - 0 runs, 1 hit, 0 errors, 0 left on base; Memphis 3 - Dallas-Fort Worth 1 |
| BOTTOM OF THE 8TH |
|
Dallas-Fort Worth Rangers batting - Pitching for Memphis Blues : RHP Salvador Flores
|
|
Batting: RHB Alex Zermeno
|
0-0: Ball 1-0: Ball 2-0: Called Strike 2-1: Foul Ball, location: 2F 2-2: Strikes out looking
|
|
Batting: RHB Phil Bradley
|
0-0: Ball 1-0: SINGLE (Line Drive, 9S, EV 105.6 MPH)
|
|
Batting: LHB Stan Levi
|
0-0: Called Strike 0-1: Ball 1-1: Ball 2-1: Called Strike 2-2: Foul Ball, location: 2F 2-2: Ball 3-2: Base on Balls Phil Bradley to second
|
|
Batting: RHB Terry Lee
|
0-0: Fly out, F7 (Flyball, 7D, EV 104.4 MPH)
|
|
Batting: LHB Mo Ching
|
0-0: Ball 1-0: Swinging Strike 1-1: Fly out, F8 (Flyball, 8LS, EV 90.6 MPH)
|
| Bottom of the 8th over - 0 runs, 1 hit, 0 errors, 2 left on base; Memphis 3 - Dallas-Fort Worth 1 |
| TOP OF THE 9TH |
|
Memphis Blues batting - Pitching for Dallas-Fort Worth Rangers : RHP Brian Denman
|
|
Batting: RHB Augustine Garrett
|
0-0: Ball 1-0: Ball 2-0: Called Strike 2-1: Fly out, F7 (Line Drive, 7, EV 85.6 MPH)
|
|
Batting: LHB Don Jacoby
|
0-0: Ground out 5-3 (Groundball, 5, EV 103.1 MPH)
|
|
Batting: RHB Bradley Shames
|
0-0: Fly out, F8 (Line Drive, 8LM, EV 110.0 MPH)
|
| Top of the 9th over - 0 runs, 0 hits, 0 errors, 0 left on base; Memphis 3 - Dallas-Fort Worth 1 |
| BOTTOM OF THE 9TH |
|
Dallas-Fort Worth Rangers batting - Pitching for Memphis Blues : RHP Salvador Flores
|
|
Pitching: RHP Mark Huismann
|
|
|
Batting: RHB Dave Aponte
|
0-0: Ball 1-0: Ground out 6-3 (Groundball, 6, EV 85.6 MPH)
|
|
Batting: LHB Garcia Gutierrez
|
0-0: Foul Ball, location: 2F 0-1: Fly out, F8 (Flyball, 89XD, EV 95.0 MPH)
|
|
Batting: RHB Steve Nicosia
|
0-0: Fly out, F5 (Line Drive, 5, EV 65.0 MPH)
|
| Bottom of the 9th over - 0 runs, 0 hits, 0 errors, 0 left on base; Memphis 3 - Dallas-Fort Worth 1 |
|